AoeStats
← anmolmaly

Arena

510525793Analyzed
1v1 RM · 1d ago on Oct 1, 2026· 50m 14s· 2 players
Game mode
Random Map
Map size
Tiny (2 player)
Population
200
Speed
Normal
Resources
Standard
Victory
Conquest
Starting age
Dark Age
Ending age
Imperial Age
RankedLock teamsTeams togetherTeam positionsShared explorationLock speedFull tech treeHidden civsTurbo modeCheats
Victory
Defeat
🇮🇳 Vietnamese · India
1749
+13
🇮🇳 Poles · India
1687
-13
anmolmaly
9:25 Feudal Age
13:01 Castle Age
11:30 Double-Bit Axe
14:52 Bow Saw
14:28 Horse Collar
26:56 Imperial Age
25:23 Ballistics
25:49 Wheelbarrow
24:59 Loom
25:25 Fletching
25:35 Padded Archer Armor
26:04 Bodkin Arrow
25:45 Crossbowman
27:47 Leather Archer Armor
27:44 Thumb Ring
27:04 Arbalester
28:57 Chemistry
28:02 Heavy Plow
28:20 Bracer
29:49 Scale Mail Armor
29:59 Forging
29:55 Squires
29:40 Arson
30:46 Chain Mail Armor
31:05 Crop Rotation
30:51 Hand Cart
31:35 Gold Mining
31:35 Stone Mining
32:53 Conscription
33:46 Plate Mail Armor
33:52 Iron Casting
34:00 Elite Obuch
35:10 Town Watch
35:33 Scale Barding Armor
35:57 Lechitic Legacy
36:14 Hoardings
35:54 Masonry
35:37 Light Cavalry
36:27 Bloodlines
36:18 Husbandry
37:23 Blast Furnace
36:47 Chain Barding Armor
36:27 Winged Hussar
Hunt
11:04 Feudal Age
12:24 Double-Bit Axe
14:57 Castle Age
13:00 Horse Collar
14:35 Fletching
15:43 Bodkin Arrow
16:16 Bow Saw
22:13 Wheelbarrow
23:59 Gold Mining
24:25 Hand Cart
23:57 Town Watch
24:51 Loom
25:29 Heavy Plow
26:00 Elite Skirmisher
26:24 Pikeman
27:35 Thumb Ring
27:32 Padded Archer Armor
30:18 Imperial Age
28:44 Squires
29:02 Leather Archer Armor
30:31 Ballistics
30:21 Imperial Skirmisher
31:33 Ring Archer Armor
32:12 Chemistry
32:17 Two-Man Saw
31:09 Stone Mining
31:55 Bracer
33:26 Masonry
33:04 Halberdier
35:01 Scale Mail Armor
35:53 Siege Engineers
37:24 Man-at-Arms
38:27 Chain Mail Armor
39:03 Heavy Cavalry Archer
42:12 Plate Mail Armor
42:59 Forging
Connection lost

Rejoining the realm…

Still unreachable

The connection could not be restored.

Session expired

The server has moved on; the page needs a fresh start.